 Dungeon Crawl Stone Soup version 0.31.0-12-g77e489cdc1 (webtiles) character file.

Game seed: 9697263357330554608

2135991 RepoMan the Eviscerator (level 26, 117/117 HPs)
             Began as a Felid Alchemist on Mar 1, 2024.
             Was an Elder of Wu Jian.
             Escaped with the Orb
             ... and 4 runes on Mar 2, 2024!
             The game lasted 07:27:38 (78771 turns).

RepoMan the Eviscerator (Felid Alchemist)          Turns: 78771, Time: 07:27:39

Health: 117/117    AC: 16    Str: 10    XL:     26   Next: 6%
Magic:  29/32      EV: 69    Int: 27    God:    Wu Jian [****..]
Gold:   4813       SH:  0    Dex: 30    Spells: 1/36 levels left
                                        Lives:  2   Deaths: 4

rFire   + +          .
                       - Unarmed
rCold   . . .        (shield unavailable)
rNeg    + . .        (body armour unavailable)
rPois   ∞            (helmet unavailable)
rElec   +            (cloak unavailable)
rCorr   .            (gloves unavailable)
SInv    +            (boots unavailable)
Will    ++++.        P - amulet "Xumahu" {Regen+ Int+3 Dex+3 Slay+2}
Stlth   ++           u - ring "Seosopin" {rF++ rN+ Int+3 Slay+5}
HPRegen 1.19/turn    B - ring of Xosuotit {AC+4 Dex+6}
MPRegen 0.23/turn

%: no passive effects
@: mighty, brilliant, storm-form, enlightened, flying
A: cleaving, insubstantial, flying, very small, (claws 1), (fangs 3), see
invisible, (shaggy fur 3), (stealthy paws), no weapons or thrown items, no
armour, multi-lived, frail 2, no potion heal 1, inability to drink after injury
1, persistent drain
0: Orb of Zot
}: 4/15 runes: serpentine, barnacled, slimy, silver
a: Blinkbolt, Begin Untransformation, Renounce Religion, Wall Jump, Serpent's
Lash


You escaped.
You worshipped Wu Jian.
Wu Jian was greatly pleased with you.
You were a lightning-filled tempest!
You visited 12 branches of the dungeon, and saw 56 of its levels.

You collected 11612 gold pieces.
You spent 6799 gold pieces at shops.

Inventory:

Jewellery
 l - the ring "Umuikk" {Fly rC- Will+++ Dex+6}
   (You found it on level 3 of the Crypt)

   [ring of dexterity]

   Dex+6:     It affects your dexterity (+6).
   rC-:       It makes you vulnerable to cold.
   Will+++:   It greatly increases your willpower.
   Fly:       It grants you flight.
 s - the amulet of Zerosi {Reflect rF+ rC+ SH+5}
   (You bought it in a shop on level 2 of the Vaults)

   [amulet of reflection]

   Reflect:   It reflects blocked missile attacks.
   rF+:       It protects you from fire.
   rC+:       It protects you from cold.
   SH+5:      It affects your SH (+5).
 u - the ring "Seosopin" (left paw) {rF++ rN+ Int+3 Slay+5}
   (You found it on level 3 of the Crypt)

   [ring of positive energy]

   Int+3:     It affects your intelligence (+3).
   Slay+5:    It affects your accuracy & damage with ranged weapons and melee
   (+5).
   rF++:      It greatly protects you from fire.
   rN+:       It protects you from negative energy.
 w - the ring "Xukatokk" {rPois SInv}
   (You found it on level 5 of the Vaults)

   [ring of poison resistance]

   rPois:     It protects you from poison SInv: It lets you see invisible.
 A - the ring "Tuwuorex" {*Slow rElec Str+8 Int+6 Dex+4}
   (You took it off a deep elf death mage on level 3 of the Elven Halls)

   [ring of intelligence]

   Str+8:     It affects your strength (+8).
   Int+6:     It affects your intelligence (+6).
   Dex+4:     It affects your dexterity (+4).
   rElec:     It insulates you from electricity.
   *Slow:     It may slow you when you take damage.
 B - the ring of Xosuotit (right paw) {AC+4 Dex+6}
   (You acquired it on level 4 of the Shoals)

   [ring of protection]

   AC+4:      It affects your AC (+4).
   Dex+6:     It affects your dexterity (+6).
 D - the amulet "Noimir" {RegenMP SInv}
   (You found it on level 3 of the Lair of Beasts)

   [amulet of magic regeneration]

   RegenMP:   It increases your rate of magic regeneration.
   SInv:      It lets you see invisible.
 P - the amulet "Xumahu" (around neck) {Regen+ Int+3 Dex+3 Slay+2}
   (You found it on level 5 of the Pits of Slime)

   [amulet of regeneration]

   Int+3:     It affects your intelligence (+3).
   Dex+3:     It affects your dexterity (+3).
   Slay+2:    It affects your accuracy & damage with ranged weapons and melee
   (+2).
   Regen+:    It increases your rate of health regeneration.
 S - the ring "Dainwi Waell" {rPois rF+ rN+ Int+3}
   (You found it on level 3 of the Crypt)

   [ring of positive energy]

   Int+3:     It affects your intelligence (+3).
   rF+:       It protects you from fire.
   rPois:     It protects you from poison rN+: It protects you from negative
   energy.
 V - the ring of Ascent {rN+ Will+ Int+3 Dex-5}
   (You found it on level 3 of the Crypt)

   [ring of positive energy]

   Int+3:     It affects your intelligence (+3).
   Dex-5:     It affects your dexterity (-5).
   rN+:       It protects you from negative energy.
   Will+:     It increases your willpower.
 X - the ring "Sotsair" {rCorr Str+4 Dex+3}
   (You found it on level 5 of the Pits of Slime)

   [ring of resist corrosion]

   Str+4:     It affects your strength (+4).
   Dex+3:     It affects your dexterity (+3).
   rCorr:     It protects you from acid and corrosion.
Talismans
 d - a talisman of death
 F - a blade talisman
 H - a storm talisman (active)
 N - a dragon-blood talisman
Wands
 b - a wand of flame (93)
 m - a wand of roots (46)
 n - a wand of charming (80)
 q - a wand of polymorph (48)
 t - a wand of acid (2)
 y - a wand of digging (22)
 C - a wand of mindburst (28)
Scrolls
 a - 8 scrolls of noise
 c - 30 scrolls of teleportation
 f - 6 scrolls of vulnerability
 h - a scroll of fog
 i - 7 scrolls of revelation
 j - 6 scrolls of poison
 k - 3 scrolls of silence
 v - 5 scrolls of amnesia
 M - 4 scrolls of immolation
 Q - 3 scrolls of fear
Potions
 e - 12 potions of lignification
 g - 4 potions of enlightenment
 o - 6 potions of berserk rage
 p - 4 potions of mutation
 r - 5 potions of might
 x - 8 potions of brilliance
 z - 3 potions of attraction
 E - 20 potions of curing
 I - 7 potions of cancellation
 O - 2 potions of heal wounds
 U - 2 potions of ambrosia
Miscellaneous
 G - a condenser vane
 J - a phantom mirror
 R - a phial of floods
 Y - a lightning rod (4/4)
 Z - a box of beasts


   Skills:
 + Level 17.8 Fighting
 + Level 22.4 Dodging
 - Level 13.3 Stealth
 * Level 25.1 Unarmed Combat
 - Level 5.5 Spellcasting
 - Level 2.2 Conjurations
 - Level 7.7 Translocations
 - Level 4.4 Fire Magic
 - Level 3.3 Air Magic
 - Level 13.3 Alchemy
 - Level 5.5 Evocations
 - Level 23.3 Shapeshifting


You had one spell level left.
You knew the following spells:

 Your Spells              Type           Power      Damage    Failure   Level
b - Blink                 Tloc           100%       N/A       1%          2
g - Apportation           Tloc           100%       N/A       1%          1
i - Ignite Poison         Fire/Alch      70%        N/A       1%          4
l - Lesser Beckoning      Tloc           100%       N/A       1%          2
m - Mephitic Cloud        Conj/Alch/Air  58%        N/A       1%          3
p - Passage of Golubria   Tloc           65%        N/A       3%          4
s - Sticky Flame          Fire/Alch      70%        2d11      1%          4
t - Olgreb's Toxic Radia  Alch           87%        N/A       1%          4
v - Vhi's Electric Charg  Tloc/Air       100%       N/A       7%          4
z - Sting                 Conj/Alch      100%       1d9       1%          1
N - Eringya's Noxious Bo  Alch           43%        4d6       4%          6

Your spell library contained the following spells:

 Spells                   Type           Power      Damage    Failure   Level
 Magic Dart               Conj           100%       1d8       2%          1
 Shock                    Conj/Air       100%       1d9       2%          1
 Freeze                   Ice            44%        1d6       7%          1
 Necrotise                Necr           44%        1d6       7%          1
 Sandblast                Erth           22%        2d7       7%          1
 Summon Small Mammal      Summ           44%        N/A       7%          1
 Cigotuvi's Dreadful Rot  Necr/Alch/Air  100%       N/A       1%          2
 Mercury Vapours          Alch/Air       100%       N/A       1%          2
 Scorch                   Fire           92%        2d8       1%          2
 Gell's Gravitas          Tloc           65%        N/A       1%          3
 Teleport Other           Tloc           65%        N/A       1%          3
 Volatile Blastmotes      Fire/Tloc      100%       2d18      1%          3
 Alistair's Intoxication  Alch           58%        N/A       1%          5
 Fulminant Prism          Conj/Alch      32%        3d15      2%          4
 Manifold Assault         Tloc           65%        N/A       3%          4
 Searing Ray              Conj           56%        2d6       4%          2
 Swiftness                Air            37%        N/A       5%          3
 Inner Flame              Hex/Fire       28%        N/A       9%          3
 Iskenderun's Mystic Bla  Conj/Tloc      50%        2d11      9%          4
 Call Imp                 Summ           22%        N/A       11%         2
 Ensorcelled Hibernation  Hex/Ice        22%        N/A       11%         2
 Jinxbite                 Hex            22%        N/A       11%         2
 Yara's Violent Unravell  Hex/Alch       30%        3d13      12%         5
 Hailstorm                Conj/Ice       20%        3d7       13%         3
 Stone Arrow              Conj/Erth      40%        3d9       13%         3
 Airstrike                Air            18%        2d(3-19)  17%         4
 Call Canine Familiar     Summ           11%        N/A       21%         3
 Frozen Ramparts          Ice            22%        1d4       21%         3
 Ozocubu's Armour         Ice            11%        N/A       21%         3
 Passwall                 Erth           11%        N/A       21%         3
 Sigil of Binding         Hex            11%        N/A       21%         3
 Summon Ice Beast         Ice/Summ       11%        N/A       21%         3
 Tukima's Dance           Hex            11%        N/A       21%         3
 Summon Blazeheart Golem  Fire/Summ      28%        N/A       28%         4
 Summon Forest            Summ/Tloc      21%        N/A       36%         5
 Brom's Barrelling Bould  Conj/Erth      20%        2d4       41%         4
 Dispersal                Tloc           32%        N/A       41%         6
 Fireball                 Conj/Fire      18%        3d9       43%         5
 Arcjolt                  Conj/Air       16%        1d26      52%         5
 Anguish                  Hex/Necr       5%         N/A       56%         4
 Animate Dead             Necr           11%        N/A       56%         4
 Cause Fear               Hex            5%         N/A       56%         4
 Martyr's Knell           Necr/Summ      11%        N/A       56%         4
 Sculpt Simulacrum        Ice/Alch       30%        N/A       56%         6
 Iskenderun's Battlesphe  Conj           28%        2d8       61%         5
 Freezing Cloud           Conj/Ice/Air   12%        6-21      65%         5
 Borgnjor's Vile Clutch   Necr/Erth      5%         N/A       88%         5
 Lee's Rapid Deconstruct  Erth           5%         3d6*      88%         5
 Metabolic Englaciation   Hex/Ice        5%         N/A       88%         5
 Summon Mana Viper        Hex/Summ       11%        N/A       88%         5
 Conjure Ball Lightning   Conj/Air       16%        3x3d6     98%         6
 Bombard                  Conj/Erth      10%        9d2       100%        6
 Death Channel            Necr           5%         N/A       100%        6
 Summon Cactus Giant      Summ           5%         N/A       100%        6
 Enfeeble                 Hex            5%         N/A       100%        7
 Malign Gateway           Summ/Tloc      21%        N/A       100%        7
 Orb of Destruction       Conj           14%        9d7       100%        7
 Spellforged Servitor     Conj/Summ      10%        N/A       100%        7
 Summon Hydra             Summ           5%         N/A       100%        7
 Disjunction              Tloc           32%        N/A       100%        8
 Ignition                 Fire           23%        3d8       100%        8
 Maxwell's Capacitive Co  Air            18%        ∞         100%        8
 Summon Horrible Things   Summ           5%         N/A       100%        8
 Shatter                  Erth           5%         3d8*      100%        9
 Dimensional Bullseye     Hex/Tloc       Unusable   N/A       N/A         4

Dungeon Overview and Level Annotations

Branches:
Dungeon (15/15)            Temple (1/1) D:6            Lair (5/5) D:9
 Shoals (4/4) Lair:3        Snake (4/4) Lair:3        Slime (5/5) Lair:5
    Orc (2/2) D:10            Elf (3/3) Orc:2        Vaults (5/5) D:14
  Crypt (3/3) Vaults:3       Tomb (0/3) Crypt:3      Depths (4/4) D:15
    Zot (5/5) Depths:4

Altars:
Ashenzari
Cheibriados
Dithmenos
Elyvilon
Fedhas
Gozag
Hepliaklqana
Kikubaaqudgha
Makhleb
Nemelex Xobeh
Okawaru
Qazlal
Ru
Sif Muna
Trog
Uskayaw
Vehumet
Wu Jian
Xom
Yredelemnul
Zin
The Shining One
Jiyva

Shops:
D:13 :   Orc:2 ?=[:*   Elf:2 [   Shoals:3 *   Shoals:4 !   Snake:1 *:=:!
Snake:2 :   Vaults:2 (=:=   Vaults:3 ?   Depths:2 *

Portals:
Hell: Depths:1 Depths:2 Depths:3 Depths:4
Abyss: Crypt:3 Depths:3 Depths:4
Pandemonium: Depths:2
Ziggurat: Depths:2

Annotations:
D:13 3 runed translucent doors, qdestroyer's ghost, journeyman MiFi
D:15 1 runed translucent door, Ruat's ghost, adept DECj
Orc:1 1 runed translucent door, Godo's ghost, journeyman DECj
Elf:2 3 runed translucent doors
Crypt:3 2 transporters, Heartofthecards's ghost, veteran OnAE
Depths:4 1 runed translucent door, exclusion: upstairs, Dihoegowi's ghost, journeyman DjCj


Innate Abilities, Weirdness & Mutations

You are a lightning-filled tempest!
Your electrical attacks strike out in all directions at once.
You are incredibly evasive.
Your insubstantial body is immune to petrification, constriction, and being set on fire You are flying.
You are immune to poison.
((You have sharp claws.))
((You have razor-sharp teeth.))
You have supernaturally acute eyesight. (SInv)
((Your thick and shaggy fur keeps you warm. (AC +3, rC+)))
((Your paws help you pounce on unaware monsters.))
You are incapable of wielding weapons or throwing items.
You cannot wear armour.
You gain extra lives every three experience levels.
You are very frail. (-20% HP)
Potions are less effective at restoring your health.
You occasionally lose the ability to drink potions when taking damage.
Your health recovers twice as slowly from being drained.


Message History

You spin and attack the Orb Guardian repeatedly.
You barely miss the Orb Guardian. Your punch misses the Orb Guardian.
You hit the Orb Guardian.
Lightning courses through the Orb Guardian!
The Orb Guardian is moderately wounded.
The Orb Guardian completely misses you.
There is a stone staircase leading up here.
You blast the Orb Guardian!!!
Lightning courses through the Orb Guardian!!
You kill the Orb Guardian!
The Council accepts your kill.
You fly upwards.
There is a stone staircase leading down here.
Aiming: Dig
Press: ? - help, Shift-Dir - straight line A rock wall.
This square is covered in magical glow.
The rock shatters into small pieces.
Aiming: Dig
Press: ? - help, Shift-Dir - straight line A rock wall.
This square is covered in magical glow.
The rock shatters into small pieces.
There is an escape hatch in the ceiling here.
A mysterious force pulls you upwards. The hatch slams shut behind you.
There is a stone staircase leading up here.
You fly upwards.
There is a stone staircase leading down here.
Casting: Vhi's Electric Charge (dangerous; 7% risk of failure)
Confirm with . or Enter, or press ? or * to list all spells.
Aiming: Passage of Golubria (mildly dangerous; 3% risk of failure)
Press: ? - help, Dir - move target You enter the passage of Golubria.
There is a passage of Golubria here.
There is a staircase leading out of the dungeon here.
Okay, then.
You feel very mighty all of a sudden.
You feel clever all of a sudden.
You feel more buoyant.
You have escaped!

################
#..............#########
##.###########.#........
#.# #.##.###### #.#
####### #.##.# #.#
#.(...# #.##.###### #.#
#.....# #.##.##.... #.#
#.v##.# #.##.####.# #.#
#.....# #.##....... #.#
#...^.# #.#######.. #.#
#####'# #.# #..
#.#######.###.# #..
#.##...#....#.# #..
#.##...#....#.#######..
#.##.8.#...............
#.##...'....>..........


There were no monsters in sight!

Vanquished Creatures
  the Royal Jelly (Slime:5)
  Dissolution (Slime:3)
  3 dread liches
  4 ancient liches
  Frederick (Crypt:2)
  10 orbs of fire
  A juggernaut (Depths:4)
  Vv (Zot:4)
  4 curse toes
  4 Killer Klowns (Zot:5)
  Vashnia (Snake:4)
  4 caustic shrikes (Depths:3)
  5 golden dragons
  4 bone dragons
  the Enchantress (Depths:3)
  A profane servitor (D:12)
  Jorgrun (Elf:1)
  2 electric golems (Zot:5)
  11 tentacled monstrosities
  26 Orb Guardians
  Asterion (Depths:1)
  Zenata (Vaults:3)
  2 deep elf blademasters (Elf:3)
  2 liches
  6 sphinxes
  4 titans (Vaults:5)
  17 acid blobs
  10 death cobs
  A deep elf master archer (Elf:3)
  7 quicksilver dragons
  A kraken (Shoals:4)
  Polyphemus (Shoals:2)
  11 ancient champions
  5 tengu reavers
  9 shadow dragons
  Aizul (Snake:2)
  Donald (Snake:4)
  6 rockslimes (Slime:5)
  15 storm dragons
  8 revenants
  4 fire giants
  8 frost giants
  12 nagarajas (Snake:4)
  2 iron dragons
  13 vault wardens
  6 azure jellies
  4 draconian monks
  8 deep elf elementalists
  5 draconian knights
  8 deep elf sorcerers
  2 ghost moths
  3 draconian scorchers
  9 draconian shifters
  5 draconian stormcallers
  A caustic shrike zombie (Depths:2)
  17 ironbound preservers
  3 curse skulls
  4 orc warlords
  4 formless jellyfish
  13 quicksilver oozes
  A draconian annihilator (Zot:5)
  3 spriggan defenders (Depths:3)
  2 caustic shrike skeletons
  5 ghouls (Crypt:3)
  5 vampire knights
  2 juggernaut skeletons (Depths:2)
  A reaper (Crypt:2)
  10 very ugly things
  6 deep elf death magi
  16 stone giants
  7 green draconians
  A lorocyproca (Depths:2)
  10 ironbound thunderhulks
  9 deep elf annihilators
  7 dire elephants
  11 yellow draconians
  6 deep elf demonologists
  12 black draconians
  11 white draconians
  2 war gargoyles
  4 purple draconians
  2 spark wasps (Depths:3)
  5 merfolk javelineers
  7 red draconians
  4 eidola
  9 ettins
  6 deep elf high priests
  4 merfolk impalers
  An entropy weaver (Vaults:5)
  14 jiangshi
  9 great orbs of eyes
  5 fire dragons
  3 mummy priests (Crypt:3)
  Josephine (D:14)
  31 vault guards
  15 yaktaur captains
  2 rakshasas
  9 ice dragons
  2 peacekeepers
  2 salamander tyrants (Snake:4)
  4 hydras
  8 spriggan air magi
  8 ironbound frosthearts
  A catoblepas (Shoals:2)
  2 merfolk avatars (Shoals:4)
  A death knight (Crypt:3)
  5 boulder beetles
  3 anacondas (Snake:1)
  An ogre mage (D:15)
  A sphinx zombie (Vaults:4)
  A merfolk aquamancer (Shoals:4)
  2 satyrs
  2 alligator snapping turtles (Shoals:4)
  3 alligators (Lair:3)
  10 centaur warriors
  9 two-headed ogres
  A sphinx skeleton (Depths:2)
  11 dancing weapons
  13 naga warriors
  4 deep troll shamans
  7 death yaks
  12 vampire magi
  A two-headed ogre (shapeshifter) (D:14)
  2 demonic crawlers
  3 tengu warriors
  2 occultists
  7 shock serpents
  6 spriggan berserkers
  3 orc high priests
  4 deep troll earth magi
  9 deep elf knights
  12 naga sharpshooters
  A titan zombie (Crypt:3)
  6 hell knights
  A soul eater (Crypt:2)
  6 skysharks
  Amaemon (D:8)
  6 iron trolls (Depths:2)
  4 shadow wraiths
  Nergalle (Lair:1)
  A spark wasp zombie (Depths:2)
  31 skeletal warriors
  A skyshark (shapeshifter) (Vaults:3)
  A bunyip zombie (Crypt:2)
  17 sea snakes
  A storm dragon skeleton (Crypt:3)
  5 glowing orange brains
  55 deep trolls
  An orb spider (shapeshifter) (Vaults:5)
  5 flayed ghosts
  3 naga ritualists
  A mana viper (shapeshifter) (Vaults:3)
  6 mana vipers
  10 arcanists
  17 ironbound convokers
  A golden dragon skeleton (Depths:2)
  A shock serpent (shapeshifter) (Vaults:3)
  An anaconda skeleton (Crypt:2)
  5 lindwurms
  8 deep elf archers
  A bog body (Crypt:3)
  15 deep elf zephyrmancers
  Pikel (D:9)
  A steelbarb worm (shapeshifter) (Vaults:2)
  A shadow dragon zombie (Depths:2)
  A human zombie (Vaults:4)
  14 phantasmal warriors
  An iron dragon zombie (Crypt:3)
  11 orc knights
  8 necromancers
  3 orc sorcerers
  16 deep elf pyromancers
  13 harpies
  3 oklob plants (Lair:5)
  15 manticores
  A faun (Shoals:2)
  A shining eye (Slime:5)
  24 ugly things
  10 salamanders
  7 cyclopes
  17 moths of wrath
  3 stone giant skeletons
  A stone giant zombie (Crypt:1)
  6 guardian serpents
  3 human skeletons
  3 meliai (D:15)
  4 merfolk sirens
  8 elephants
  An alligator skeleton (Crypt:2)
  9 naga magi
  A naga zombie (Crypt:3)
  A titan simulacrum (Crypt:3)
  7 water nymphs
  A black mamba (shapeshifter) (Vaults:5)
  A fire giant skeleton (Depths:3)
  3 kobold blastminers (Orc:2)
  2 iron dragon skeletons
  24 black mambas
  3 eyes of devastation
  A molten gargoyle (D:14)
  A dire elephant skeleton (Crypt:3)
  An alligator snapping turtle zombie (Crypt:1)
  A gargoyle (D:12)
  8 cane toads
  Jeremiah (D:6)
  An unseen horror (D:10)
  2 centaur skeletons (Crypt:2)
  A red draconian zombie (Crypt:1)
  18 vault sentinels
  2 frost giant skeletons (Depths:2)
  An unseen horror (shapeshifter) (Vaults:3)
  An orange demon (D:8)
  A kobold demonologist (D:3)
  A redback zombie (Crypt:2)
  An ice devil (D:14)
  24 yaktaurs
  7 komodo dragons
  6 freezing wraiths
  A rime drake (Lair:3)
  Psyche (D:9)
  2 harpy zombies
  A komodo dragon (shapeshifter) (Vaults:3)
  A white draconian skeleton (Crypt:2)
  16 merfolk
  A tyrant leech (Lair:3)
  8 guardian mummies (Crypt:3)
  4 trolls
  5 polar bears
  A hornet (shapeshifter) (D:14)
  3 harpy skeletons
  4 wind drakes
  7 hornets
  28 blink frogs
  4 dream sheep
  Grinder (D:3)
  A polar bear (shapeshifter) (D:15)
  A dream sheep (shapeshifter) (Vaults:5)
  12 snapping turtles
  A jumping spider zombie (Crypt:2)
  A fire giant simulacrum (Depths:3)
  A fire dragon skeleton (Crypt:2)
  A snapping turtle (shapeshifter) (Vaults:5)
  4 air elementals
  2 glass eyes
  25 slime creatures
  3 shadows
  13 spriggans
  6 water elementals
  4 wyverns
  A naga simulacrum (Crypt:3)
  37 yaks
  11 wraiths
  4 basilisks
  A golden eye (Lair:5)
  A yak (shapeshifter) (D:14)
  2 wargs
  5 fire elementals
  8 humans (D:10)
  2 ushabtiu (Crypt:3)
  9 vampire mosquitoes
  Menkaure (D:7)
  3 steam dragons
  A neqoxec (D:15)
  A redback (shapeshifter) (Vaults:5)
  A swamp worm (shapeshifter) (Vaults:3)
  29 nagas
  5 swamp worms (Lair:3)
  2 acid dragons (D:14)
  A deep troll skeleton (Crypt:2)
  A demonspawn skeleton (Crypt:2)
  An entropy weaver zombie (Crypt:1)
  A glowing shapeshifter zombie (Depths:2)
  Duvessa (D:5)
  9 water moccasins
  A faun skeleton (Crypt:3)
  A swamp drake (shapeshifter) (D:11)
  An ice beast (shapeshifter) (D:15)
  7 laughing skulls (Crypt:1)
  33 orc warriors
  A swamp drake (Lair:3)
  An ice beast (D:7)
  2 sky beasts
  4 black bears
  10 ogres
  8 boggarts
  A lindwurm skeleton (Crypt:3)
  41 wolves
  7 centaurs
  A manticore skeleton (Crypt:2)
  2 torpor snail zombies
  2 hog skeletons
  A lemure (D:9)
  2 phantoms (D:4)
  A blink frog skeleton (Crypt:3)
  3 kobold brigands
  A rime drake skeleton (Crypt:1)
  6 bullfrogs
  2 gnoll sergeants
  4 necrophages (Crypt:3)
  2 scorpions
  2 earth elementals (Elf:1)
  Dowan (D:5)
  8 wights
  The ghost of Computerfleisch the Trooper, a weakling MiFi (D:3)
  6 electric eels
  A vampire bat (Lair:2)
  5 howler monkeys
  2 yak skeletons (Crypt:2)
  A bombardier beetle (D:5)
  6 hounds
  4 lava snakes (D:14)
  A basilisk zombie (Crypt:2)
  14 orc priests
  A gnoll bouda (D:6)
  5 jellies (Lair:5)
  5 iguanas
  A sleepcap (D:4)
  Jessica (D:3)
  20 orc wizards
  5 hell rats (Lair:4)
  A boggart simulacrum (D:14)
  Robin (D:3)
  15 gnolls
  5 adders
  A steam dragon zombie (Crypt:2)
  3 shadow imps
  A white imp (D:8)
  4 ufetubi
  A lava snake zombie (Crypt:3)
  8 ribbon worms (D:5)
  62 orcs
  A bat skeleton (Crypt:1)
  5 endoplasms
  2 giant cockroaches (D:2)
  12 goblins
  11 hobgoblins
  6 jackals
  9 quokkas
  4 ball pythons
  14 bats
  2 frilled lizards
  A jackal skeleton (Crypt:3)
  33 kobolds
  5 rats
  A spectral hobgoblin (D:1)
  12 butterflies (Vaults:4)
  3 tentacles (Shoals:4)
2026 creatures vanquished.

Vanquished Creatures (collateral kills)
  Mennas (Depths:3)
  Jory (Crypt:1)
  An ancient champion (Crypt:3)
  A vault warden (Vaults:3)
  A frost giant (Depths:3)
  An orc warlord (Vaults:3)
  A spark wasp (Depths:3)
7 creatures vanquished.

Vanquished Creatures (others)
  A golden dragon (Vaults:5)
  An Orb Guardian (Zot:5)
  A fire giant (Depths:1)
  A white draconian (Zot:2)
  10 tentacles (Shoals:4)
14 creatures vanquished.

Grand Total: 2047 creatures vanquished

Notes
Turn   | Place    | Note
-------+----------+-------------------------------------------
     0 | D:1      | RepoMan the Felid Alchemist began the quest for the Orb.
     0 | D:1      | Reached XP level 1. HP: 9/9 MP: 4/4
   227 | D:1      | Reached skill level 1 in Conjurations
   395 | D:1      | Reached XP level 2. HP: 13/13 MP: 4/6
   504 | D:1      | Reached skill level 1 in Unarmed Combat
   551 | D:1      | Found a faded altar of an unknown god.
  1682 | D:2      | Slain by an adder
  1682 | D:2      | Lost a life (0 lives remaining)
  1688 | D:2      | Found a snail-covered altar of Cheibriados.
  1707 | D:2      | Learned a level 2 spell: Mercury Vapours
  1725 | D:2      | Reached XP level 3. HP: 16/16 MP: 7/7
  1904 | D:2      | Reached skill level 2 in Unarmed Combat
  2537 | D:3      | Noticed Jessica
  2647 | D:3      | Found a transporter.
  2652 | D:3      | Noticed a kobold demonologist
  2683 | D:3      | Found a transporter.
  2903 | D:3      | Noticed Robin
  3184 | D:3      | Noticed Grinder
  3306 | D:4      | Learned a level 3 spell: Mephitic Cloud
  3354 | D:4      | Reached XP level 4. HP: 21/21 MP: 6/8
  3354 | D:4      | Gained a life (1 life remaining)
  3354 | D:4      | Noticed a kobold brigand
  3372 | D:4      | Killed a kobold brigand
  3373 | D:4      | Reached skill level 1 in Air Magic
  3373 | D:4      | Reached XP level 5. HP: 20/24 MP: 1/9
  3448 | D:3      | Killed Robin
  3618 | D:3      | Paralysed by Grinder for 3 turns
  4464 | D:4      | Noticed a phantom
  4721 | D:5      | Entered Level 5 of the Dungeon
  4721 | D:5      | Noticed a phantom
  4802 | D:5      | Gained mutation: You are covered in thick fur. (AC +2)
                  | [Felid growth]
  4802 | D:5      | Reached XP level 6. HP: 28/28 MP: 6/10
  4955 | D:5      | Noticed Duvessa
  4955 | D:5      | Noticed Dowan
  4955 | D:5      | Noticed a wyvern
  5232 | D:5      | Killed Duvessa
  5233 | D:5      | Reached skill level 5 in Alchemy
  5256 | D:5      | Found a stormy altar of Qazlal.
  5259 | D:5      | Killed Dowan
  5260 | D:5      | Reached XP level 7. HP: 26/32 MP: 2/11
  5260 | D:5      | Gained a life (2 lives remaining)
  5369 | D:5      | Learned a level 4 spell: Olgreb's Toxic Radiance
  6189 | D:5      | HP: 1/32 [poisoned by a kobold brigand (curare-tipped
                  | dart)]
  6190 | D:5      | Succumbed to a kobold brigand's curare-tipped dart
  6190 | D:5      | Lost a life (1 life remaining)
  6480 | D:4      | Reached skill level 1 in Fighting
  7357 | D:5      | Killed a wyvern
  7778 | D:6      | Noticed a steam dragon
  7895 | D:6      | Reached XP level 8. HP: 39/39 MP: 4/12
  8168 | D:6      | Found a staircase to the Ecumenical Temple.
  8174 | Temple   | Entered the Ecumenical Temple
  8193 | Temple   | Became a worshipper of the Wu Jian Council
  8495 | D:6      | Noticed Jeremiah
 10200 | D:7      | Reached * piety under Wu Jian
 10320 | D:7      | Reached XP level 9. HP: 33/44 MP: 4/13
 10438 | D:7      | Identified the +0 robe of Daosoladgh {Str+5}
 10697 | D:7      | Identified the serpent talisman of Awe {+Blink rC- Will++
                  | Dex-3}
 10756 | D:7      | Noticed Menkaure
 10763 | D:7      | Killed Menkaure
 10770 | D:7      | Reached skill level 5 in Dodging
 11307 | D:3      | Found a runed translucent gate.
 11307 | D:3      | Found a runed translucent gate.
 11307 | D:3      | Found a runed translucent gate.
 11307 | D:3      | Noticed Computerfleisch's ghost (weakling MiFi)
 11459 | D:3      | Killed Jessica
 11471 | D:3      | Killed Grinder
 11477 | D:3      | Found a transporter.
 11500 | D:3      | Found a transporter.
 11662 | D:3      | Found a runed translucent gate.
 11662 | D:3      | Found a runed translucent gate.
 11662 | D:3      | Found a runed translucent gate.
 12612 | D:8      | Reached skill level 10 in Alchemy
 12932 | D:8      | Noticed Amaemon
 12932 | D:8      | Noticed an orange demon
 12941 | D:8      | Killed an orange demon
 12941 | D:8      | Noticed a two-headed ogre
 12955 | D:8      | Killed Amaemon
 12957 | D:8      | Killed a two-headed ogre
 12958 | D:8      | Reached XP level 10. HP: 49/49 MP: 3/14
 12958 | D:8      | Gained a life (2 lives remaining)
 13158 | D:8      | Noticed a two-headed ogre
 13182 | D:8      | Killed a two-headed ogre
 13183 | D:8      | Reached skill level 3 in Unarmed Combat
 13585 | D:8      | Reached skill level 4 in Unarmed Combat
 13836 | D:8      | Found an ancient bone altar of Kikubaaqudgha.
 14245 | D:9      | Reached ** piety under Wu Jian
 14251 | D:9      | Reached skill level 5 in Unarmed Combat
 14669 | D:9      | Found a staircase to the Lair.
 14721 | Lair:1   | Entered Level 1 of the Lair of Beasts
 14756 | Lair:1   | Reached skill level 5 in Fighting
 14756 | Lair:1   | Reached XP level 11. HP: 50/55 MP: 4/15
 14758 | Lair:1   | Reached skill level 10 in Dodging
 14771 | Lair:1   | Reached skill level 6 in Unarmed Combat
 14917 | Lair:1   | Learned a level 4 spell: Ignite Poison
 15158 | Lair:1   | Reached skill level 1 in Fire Magic
 15285 | Lair:1   | Noticed Nergalle
 15290 | Lair:1   | Noticed a spectral orc warlord
 15466 | Lair:1   | You fall into a shaft and drop 1 floor!
 16469 | Lair:1   | Killed Nergalle
 17429 | Lair:2   | Reached skill level 7 in Unarmed Combat
 18117 | Lair:3   | Reached *** piety under Wu Jian
 18137 | Lair:3   | Noticed an alligator
 18524 | Lair:3   | Gained mutation: Your thick and shaggy fur keeps you warm.
                  | (AC +3, rC+) [Felid growth]
 18524 | Lair:3   | Reached XP level 12. HP: 37/61 MP: 8/17
 18813 | Lair:3   | Found a staircase to the Snake Pit.
 18987 | Lair:3   | Noticed an alligator
 19177 | Lair:3   | Killed an alligator
 19178 | Lair:3   | Reached skill level 8 in Unarmed Combat
 19685 | Lair:3   | Noticed an alligator
 19693 | Lair:3   | Killed an alligator
 20054 | Lair:3   | Identified the amulet "Noimir" {RegenMP SInv}
 20220 | Lair:3   | Found a staircase to the Shoals.
 20287 | Lair:3   | Killed an alligator
 20473 | Lair:3   | Learned a level 4 spell: Sticky Flame
 20503 | Lair:3   | Reached skill level 9 in Unarmed Combat
 21341 | Lair:4   | Reached **** piety under Wu Jian
 21474 | Lair:4   | Reached XP level 13. HP: 62/67 MP: 10/20
 21523 | Lair:4   | Reached skill level 10 in Unarmed Combat
 22164 | Lair:5   | Entered Level 5 of the Lair of Beasts
 22479 | Lair:5   | Reached ***** piety under Wu Jian
 22536 | Lair:5   | Reached skill level 11 in Unarmed Combat
 23088 | Lair:5   | Found a viscous altar of Jiyva.
 23257 | Lair:5   | Found a staircase to the Slime Pits.
 23790 | D:9      | Noticed Pikel
 23795 | D:9      | Killed Pikel
 23796 | D:9      | Reached skill level 12 in Unarmed Combat
 23798 | D:9      | Noticed Psyche
 23806 | D:9      | Killed Psyche
 24032 | D:10     | Entered Level 10 of the Dungeon
 24101 | D:10     | Found a basalt altar of Yredelemnul.
 24530 | D:10     | Found a staircase to the Orcish Mines.
 24541 | D:10     | Reached XP level 14. HP: 50/75 MP: 13/21
 25670 | Orc:1    | Entered Level 1 of the Orcish Mines
 25734 | Orc:1    | Reached skill level 13 in Unarmed Combat
 25887 | Orc:2    | Entered Level 2 of the Orcish Mines
 26306 | Orc:2    | Reached ****** piety under Wu Jian
 26415 | Orc:2    | Reached skill level 14 in Unarmed Combat
 26514 | Orc:2    | Found a staircase to the Elven Halls.
 26650 | Orc:1    | Found a runed translucent door.
 26651 | Orc:1    | Noticed Godo's ghost (journeyman DECj)
 26815 | Orc:2    | Found Tewyse's Armour Shop.
 26815 | Orc:2    | Found Qaomegi's Jewellery Emporium.
 26817 | Orc:2    | Found Esagu Vaut's Magic Scroll Shoppe.
 26819 | Orc:2    | Found Edyosh's Book Boutique.
 26828 | Orc:2    | Bought a scroll of teleportation for 30 gold pieces
 26828 | Orc:2    | Bought a scroll of teleportation for 30 gold pieces
 26828 | Orc:2    | Bought a scroll of blinking for 75 gold pieces
 26828 | Orc:2    | Bought a scroll of fog for 40 gold pieces
 26828 | Orc:2    | Bought a scroll of fog for 40 gold pieces
 26828 | Orc:2    | Bought a scroll of immolation for 40 gold pieces
 26828 | Orc:2    | Bought a scroll of identify for 20 gold pieces
 26876 | Orc:2    | Found a shimmering altar of Xom.
 26878 | Orc:2    | Found Cummubekh's Assorted Antiques.
 26890 | Orc:2    | Bought a scroll of vulnerability for 160 gold pieces
 26890 | Orc:2    | Bought a scroll of blinking for 300 gold pieces
 26890 | Orc:2    | Bought a scroll of enchant weapon for 300 gold pieces
 26890 | Orc:2    | Bought a scroll labelled IPRUIT MONOSI for 40 gold pieces
 27277 | D:12     | You fall into a shaft and drop 1 floor!
 27303 | D:13     | Found a shimmering blue altar of Sif Muna.
 27505 | D:13     | Reached skill level 15 in Unarmed Combat
 28383 | D:13     | Found a runed translucent gate.
 28388 | D:13     | Found a runed translucent gate.
 28406 | D:13     | Found a runed translucent gate.
 28407 | D:13     | Found an opulent altar of Gozag.
 28407 | D:13     | Noticed qdestroyer's ghost (journeyman MiFi)
 28413 | D:13     | Identified the +0 ring mail of Neok {Rampage rElec rPois
                  | Str-3}
 28417 | D:13     | Found Baruq's Book Shop.
 28421 | D:13     | Bought a book of Cantrips for 160 gold pieces
 28421 | D:13     | Bought a book of Displacement for 220 gold pieces
 28423 | D:13     | Learned a level 1 spell: Apportation
 28426 | D:13     | Learned a level 2 spell: Lesser Beckoning
 29187 | D:14     | Noticed a tengu reaver
 29286 | D:14     | Killed a tengu reaver
 29368 | D:14     | Reached skill level 16 in Unarmed Combat
 29652 | D:14     | Noticed an ironbound preserver
 29666 | D:14     | Killed an ironbound preserver
 29812 | D:14     | Found a gate to the Vaults.
 30250 | D:14     | Reached XP level 15. HP: 80/80 MP: 14/22
 30628 | D:14     | Noticed Josephine
 30661 | D:14     | Killed Josephine
 30990 | D:15     | Entered Level 15 of the Dungeon
 31096 | D:15     | Reached skill level 17 in Unarmed Combat
 31570 | D:15     | Found a runed translucent door.
 31570 | D:15     | Noticed a tengu reaver
 31673 | D:15     | Noticed Ruat's ghost (adept DECj)
 31731 | D:15     | Found a staircase to the Depths.
 32429 | Shoals:1 | Entered Level 1 of the Shoals
 32433 | Shoals:1 | Reached skill level 1 in Shapeshifting
 33797 | Shoals:2 | Reached skill level 5 in Shapeshifting
 33947 | Shoals:2 | Noticed Polyphemus
 33957 | Shoals:2 | Killed Polyphemus
 34878 | Shoals:3 | Found Ronaar's Antique Weapon Emporium.
 35231 | Shoals:3 | Found Galujum's Overcharged Wands.
 35239 | Shoals:3 | Bought a wand of digging (11) for 693 gold pieces
 35260 | Shoals:3 | Reached XP level 16. HP: 64/85 MP: 1/23
 35749 | Shoals:4 | Entered Level 4 of the Shoals
 35891 | Shoals:4 | Identified a scroll of acquirement
 35892 | Shoals:4 | Acquired the ring of Xosuotit {AC+4 Dex+6}
 36032 | Shoals:4 | Identified the +2 robe of Afeagonu {Regen+ Dex+2}
 36912 | Shoals:4 | Reached skill level 10 in Shapeshifting
 37140 | Shoals:4 | Found Viuscha's Distillery.
 37196 | Shoals:4 | Bought 2 potions of lignification for 120 gold pieces
 37196 | Shoals:4 | Bought a potion of brilliance for 80 gold pieces
 37196 | Shoals:4 | Bought a potion of curing for 60 gold pieces
 37196 | Shoals:4 | Bought a potion of curing for 60 gold pieces
 37196 | Shoals:4 | Bought a potion of brilliance for 80 gold pieces
 37522 | Shoals:4 | Got a barnacled rune of Zot
 37549 | Shoals:4 | Reached skill level 10 in Fighting
 37793 | Shoals:4 | Noticed a kraken
 37810 | Shoals:4 | Killed a kraken
 38226 | Elf:1    | Entered Level 1 of the Elven Halls
 38440 | Elf:1    | Reached skill level 18 in Unarmed Combat
 38524 | Elf:1    | Found a radiant altar of Vehumet.
 39170 | Elf:1    | Noticed Jorgrun
 39183 | Elf:1    | Killed Jorgrun
 39766 | Elf:2    | Found Yriuw's Armour Boutique.
 39795 | Elf:2    | Reached XP level 17. HP: 78/90 MP: 12/24
 39949 | Elf:2    | Paralysed by an air elemental for 1 turns
 40120 | Elf:2    | Found a runed translucent gate.
 40121 | Elf:2    | Found a runed translucent gate.
 40121 | Elf:2    | Found a runed translucent gate.
 40149 | Elf:2    | Found a radiant altar of Vehumet.
 40517 | Elf:3    | Entered Level 3 of the Elven Halls
 40712 | Elf:3    | Paralysed by an air elemental for 1 turns
 41374 | Elf:3    | Reached skill level 19 in Unarmed Combat
 41442 | Elf:3    | Noticed a deep elf master archer
 41445 | Elf:3    | Killed a deep elf master archer
 41781 | Elf:3    | Noticed a deep elf blademaster
 41791 | Elf:3    | Killed a deep elf blademaster
 41851 | Elf:3    | Reached skill level 15 in Dodging
 41997 | Elf:3    | Identified the orb of Enomemn {mayhem, Will+ MP+9 Hexes
                  | Fire}
 41998 | Elf:3    | Noticed a deep elf blademaster
 42004 | Elf:3    | Killed a deep elf blademaster
 42037 | Elf:3    | Noticed an Ice Fiend
 42315 | Elf:3    | Identified the ring "Tuwuorex" {*Slow rElec Str+8 Int+6
                  | Dex+4}
 42327 | Elf:3    | HP: 3/84 [ghostly deep elf elementalist/blast of rock
                  | fragments (24)]
 42328 | Elf:3    | Killed from afar by a ghostly deep elf elementalist
 42328 | Elf:3    | Lost a life (1 life remaining)
 42703 | Elf:3    | Identified the +1 quarterstaff of Suaceda {speed, rC+}
 42976 | Elf:3    | Got the Omnibus of the Glowing Autopsy
 42990 | Elf:3    | Identified the +7 shortbow of the Bouncing Xalams {freeze,
                  | Int+5}
 43000 | Elf:3    | Found the +3 crown of Dyrovepreva {rElec Int+2 SInv}
 43348 | Vaults:1 | Entered Level 1 of the Vaults
 43656 | D:3      | Killed Computerfleisch's ghost
 43955 | D:6      | Killed Jeremiah
 44267 | Lair:5   | Identified the +9 plate armour "Huocunosm" {Rampage rPois
                  | Str+3 Int+3}
 44886 | Vaults:1 | Reached XP level 18. HP: 98/98 MP: 22/25
 44886 | Vaults:1 | Gained a life (2 lives remaining)
 45340 | Vaults:1 | Reached skill level 20 in Unarmed Combat
 45421 | Vaults:1 | Identified the +9 arbalest of Eternal Vigilance {freeze,
                  | rCorr Stlth+}
 45421 | Vaults:1 | Identified the +7 flail "Keshoonn" {flame, Int+6}
 45597 | Vaults:1 | Reached skill level 5 in Stealth
 45647 | Vaults:1 | Identified the +2 arbalest of the Equinox {drain, rC+}
 46544 | Vaults:2 | Found Cieluase's Book Emporium.
 46559 | Vaults:2 | Reached skill level 1 in Evocations
 47013 | Vaults:2 | Found Daox's Weapon Shop.
 47422 | Vaults:2 | Found Fojyub's Jewellery Boutique.
 47429 | Vaults:2 | Bought the amulet of Zerosi {Reflect rF+ rC+ SH+5} for 561
                  | gold pieces
 47489 | Vaults:2 | Found Huq Sorog's Jewellery Emporium.
 47808 | Vaults:3 | Identified the +5 lajatang "Pode" {vamp, rN+ Will++ Dex-5}
 47811 | Vaults:3 | Found Xoirivefo's Magic Scroll Shop.
 47819 | Vaults:3 | Bought a scroll of teleportation for 39 gold pieces
 47819 | Vaults:3 | Bought a scroll of teleportation for 39 gold pieces
 47819 | Vaults:3 | Bought a scroll of immolation for 52 gold pieces
 48005 | Vaults:3 | Noticed a tentacled monstrosity
 48022 | Vaults:3 | Killed a tentacled monstrosity
 48364 | Vaults:3 | Reached XP level 19. HP: 63/103 MP: 6/26
 48710 | Vaults:3 | Noticed Zenata
 48711 | Vaults:3 | Killed Zenata
 49147 | Vaults:3 | Found a staircase to the Crypt.
 49298 | Vaults:3 | Reached skill level 21 in Unarmed Combat
 49703 | Vaults:4 | Reached skill level 5 in Evocations
 50427 | Vaults:4 | Acquired 585 gold pieces
 50778 | Vaults:4 | Found a huge runed translucent gate.
 50778 | Vaults:4 | Found a huge runed translucent gate.
 50778 | Vaults:4 | Found a huge runed translucent gate.
 50778 | Vaults:4 | Found a huge runed translucent gate.
 50778 | Vaults:4 | Found a huge runed translucent gate.
 50779 | Vaults:4 | Found a huge runed translucent gate.
 50779 | Vaults:4 | Found a huge runed translucent gate.
 50781 | Vaults:4 | Found a huge runed translucent gate.
 50781 | Vaults:4 | Found a huge runed translucent gate.
 50804 | Vaults:4 | Found a huge runed translucent gate.
 50805 | Vaults:4 | Found a huge runed translucent gate.
 50806 | Vaults:4 | Found a huge runed translucent gate.
 50807 | Vaults:4 | Found a huge runed translucent gate.
 50807 | Vaults:4 | Found a huge runed translucent gate.
 50811 | Vaults:4 | Found a huge runed translucent gate.
 50811 | Vaults:4 | Found a huge runed translucent gate.
 50811 | Vaults:4 | Found a huge runed translucent gate.
 50811 | Vaults:4 | Found a huge runed translucent gate.
 50813 | Vaults:4 | Found a huge runed translucent gate.
 50814 | Vaults:4 | Found a huge runed translucent gate.
 50815 | Vaults:4 | Found a huge runed translucent gate.
 50815 | Vaults:4 | Found a huge runed translucent gate.
 50830 | Vaults:4 | Found a huge runed translucent gate.
 50831 | Vaults:4 | Found a huge runed translucent gate.
 50832 | Vaults:4 | Found a huge runed translucent gate.
 50832 | Vaults:4 | Found a huge runed translucent gate.
 50834 | Vaults:4 | Found a huge runed translucent gate.
 50835 | Vaults:4 | Found a huge runed translucent gate.
 50836 | Vaults:4 | Found a huge runed translucent gate.
 50837 | Vaults:4 | Found a huge runed translucent gate.
 50837 | Vaults:4 | Found a huge runed translucent gate.
 50842 | Vaults:4 | Found a huge runed translucent gate.
 50843 | Vaults:4 | Found a huge runed translucent gate.
 50843 | Vaults:4 | Found a huge runed translucent gate.
 50843 | Vaults:4 | Found a huge runed translucent gate.
 50843 | Vaults:4 | Found a huge runed translucent gate.
 51812 | Snake:1  | Entered Level 1 of the Snake Pit
 51833 | Snake:1  | Learned a level 2 spell: Blink
 51836 | Snake:1  | Learned a level 2 spell: Cigotuvi's Dreadful Rot
 51843 | Snake:1  | Found Jubu Seo's Distillery.
 51863 | Snake:1  | Bought a potion of curing for 42 gold pieces
 51863 | Snake:1  | Bought a potion of curing for 42 gold pieces
 51863 | Snake:1  | Bought a potion of heal wounds for 70 gold pieces
 51863 | Snake:1  | Bought a potion of curing for 42 gold pieces
 52095 | Snake:1  | Reached skill level 1 in Translocations
 52169 | Snake:1  | Identified the staff of Ipse Dixit {rC+ rCorr Str+2 Ice}
 52226 | Snake:1  | Found Irghitem's CLEARANCE SALE!.
 52231 | Snake:1  | Bought a potion of curing for 18 gold pieces
 52302 | Snake:1  | Reached skill level 10 in Stealth
 52575 | Snake:1  | Found Anigiego's Book Shop.
 52576 | Snake:1  | Found Dydetoik's Jewellery Shoppe.
 52577 | Snake:1  | Found Nutoumaf's Book Shop.
 52733 | Snake:2  | Identified the serpent talisman "Miv Ixea" {Will++ Int-4
                  | Slay+5}
 52733 | Snake:2  | Noticed Aizul
 52737 | Snake:2  | Killed Aizul
 53043 | Snake:2  | Acquired 970 gold pieces
 53168 | Snake:2  | Found Loyx's Tremendous Tomes.
 53295 | Snake:2  | Reached XP level 20. HP: 108/110 MP: 28/28
 53484 | Snake:3  | Reached skill level 5 in Spellcasting
 53648 | Snake:3  | Learned a level 4 spell: Vhi's Electric Charge
 54094 | Snake:4  | Entered Level 4 of the Snake Pit
 54094 | Snake:4  | Noticed Donald
 54100 | Snake:4  | Killed Donald
 54652 | Snake:4  | Noticed Vashnia
 54697 | Snake:4  | Killed Vashnia
 55460 | Snake:4  | Reached skill level 5 in Translocations
 56583 | Snake:4  | Got a serpentine rune of Zot
 56968 | Snake:1  | Bought a talisman of death for 1040 gold pieces
 57213 | Depths:1 | Entered Level 1 of the Depths
 57214 | Depths:1 | Noticed Asterion
 57220 | Depths:1 | Killed Asterion
 57723 | Depths:1 | Found a gateway to Hell.
 57726 | Depths:1 | Found an iron altar of Okawaru.
 58008 | Depths:1 | Reached skill level 15 in Shapeshifting
 58626 | Depths:2 | Found a one-way gate leading to the halls of Pandemonium.
 58632 | Depths:2 | Reached XP level 21. HP: 114/114 MP: 30/30
 59284 | Depths:2 | Found a one-way gateway to a ziggurat.
 59637 | Depths:2 | Found Ejitel's General Store.
 59643 | Depths:2 | Bought a potion of curing for 42 gold pieces
 59643 | Depths:2 | Bought a potion of haste for 140 gold pieces
 59660 | Depths:3 | Found a one-way gate to the infinite horrors of the Abyss.
 59696 | Depths:3 | Noticed Mennas
 59712 | Depths:3 | Killed Mennas
 60121 | Depths:3 | You fall into a shaft and drop 1 floor!
 60121 | Depths:4 | Entered Level 4 of the Depths
 60404 | Depths:4 | Found a runed translucent door.
 60414 | Depths:4 | Noticed Dihoegowi's ghost (journeyman DjCj)
 60528 | Depths:3 | Noticed a caustic shrike
 60528 | Depths:3 | Noticed a caustic shrike
 60529 | Depths:3 | Noticed a caustic shrike
 60534 | Depths:3 | Killed a caustic shrike
 60626 | Depths:3 | Killed a caustic shrike
 60627 | Depths:3 | Noticed a caustic shrike
 60637 | Depths:3 | Killed a caustic shrike
 60637 | Depths:3 | Killed a caustic shrike
 61303 | Depths:3 | Noticed the Enchantress
 61321 | Depths:3 | Killed the Enchantress
 61569 | Depths:3 | Found Lagiebe's Island Escapes.
 61807 | Depths:3 | Bought a scroll of blinking for 150 gold pieces
 61807 | Depths:3 | Bought a scroll of fog for 80 gold pieces
 61807 | Depths:3 | Bought a scroll of blinking for 150 gold pieces
 61807 | Depths:3 | Bought a scroll of blinking for 150 gold pieces
 61807 | Depths:3 | Bought a scroll of fog for 80 gold pieces
 61807 | Depths:3 | Bought a scroll of teleportation for 60 gold pieces
 61807 | Depths:3 | Bought a scroll of teleportation for 60 gold pieces
 62215 | Depths:4 | Noticed a juggernaut
 62218 | Depths:4 | Killed a juggernaut
 63074 | Depths:4 | Found a gate to the Realm of Zot.
 63592 | Crypt:1  | Entered Level 1 of the Crypt
 63786 | Crypt:1  | Reached XP level 22. HP: 67/114 MP: 31/31
 64238 | Crypt:1  | Found a basalt altar of Yredelemnul.
 64767 | Crypt:2  | Identified the orb "Ybuyfeos" {*channel, Int+2 Alchemy}
 64767 | Crypt:2  | Noticed Frederick
 64770 | Crypt:2  | Killed Frederick
 64881 | Crypt:2  | Noticed Jory
 65337 | Crypt:1  | Killed Jory
 65980 | Crypt:2  | Found an ancient bone altar of Kikubaaqudgha.
 66303 | Crypt:3  | Entered Level 3 of the Crypt
 66707 | Crypt:3  | Found a staircase to the Tomb.
 67854 | Crypt:3  | Found an ancient bone altar of Kikubaaqudgha.
 67858 | Crypt:3  | Found a basalt altar of Yredelemnul.
 67869 | Crypt:3  | Identified the ring "Umuikk" {Fly rC- Will+++ Dex+6}
 67876 | Crypt:3  | Identified the ring "Seosopin" {rF++ rN+ Int+3 Slay+5}
 67876 | Crypt:3  | Identified the ring "Dainwi Waell" {rPois rF+ rN+ Int+3}
 67876 | Crypt:3  | Identified the ring of Ascent {rN+ Will+ Int+3 Dex-5}
 67878 | Crypt:3  | Identified the staff "Pivvon" {rElec rN+ Str+3 Air}
 67878 | Crypt:3  | Identified the death talisman of the Baker {+Blink rC-
                  | Int+2}
 67997 | Crypt:3  | Reached skill level 15 in Fighting
 68354 | Crypt:3  | Found a transporter.
 68360 | Crypt:3  | Noticed Heartofthecards's ghost (veteran OnAE)
 68437 | Crypt:3  | Found a transporter.
 68756 | Crypt:3  | Identified the +2 pair of boots "Lizua" {Str+3}
 69231 | Slime:1  | Entered Level 1 of the Pits of Slime
 69252 | Slime:2  | Reached XP level 23. HP: 80/126 MP: 32/32
 69333 | Slime:3  | Noticed Dissolution
 69334 | Slime:3  | Killed Dissolution
 69533 | Slime:5  | Entered Level 5 of the Pits of Slime
 69576 | Slime:5  | Noticed the Royal Jelly
 69577 | Slime:5  | Found a viscous altar of Jiyva.
 69613 | Slime:5  | Killed from afar by an acid blob
 69613 | Slime:5  | Lost a life (1 life remaining)
 69646 | Slime:5  | Killed the Royal Jelly
 70170 | Slime:5  | Acquired 738 gold pieces
 70188 | Slime:5  | Identified the amulet "Xumahu" {Regen+ Int+3 Dex+3 Slay+2}
 70215 | Slime:5  | Identified the +0 rapier of Inguuc {venom, *Slow Fly rElec
                  | rC+}
 70272 | Slime:5  | Reached skill level 22 in Unarmed Combat
 70360 | Slime:5  | Got a slimy rune of Zot
 70361 | Slime:5  | Identified the ring "Sotsair" {rCorr Str+4 Dex+3}
 70818 | Zot:1    | Entered Level 1 of the Realm of Zot
 72772 | Zot:2    | Noticed an orb of fire
 72774 | Zot:2    | Killed an orb of fire
 73032 | Zot:2    | Learned a level 6 spell: Eringya's Noxious Bog
 73331 | Zot:3    | Noticed an orb of fire
 73334 | Zot:3    | Killed an orb of fire
 73335 | Zot:3    | Reached XP level 24. HP: 99/133 MP: 30/32
 73335 | Zot:3    | Gained a life (2 lives remaining)
 74032 | Zot:4    | Noticed Vv
 74050 | Zot:4    | Killed Vv
 74567 | Zot:4    | Identified the +2 quarterstaff of the Nine Brambles
                  | {freeze, +Blink rN+}
 74640 | Zot:5    | Entered Level 5 of the Realm of Zot
 74691 | Zot:5    | Noticed a Killer Klown
 74696 | Zot:5    | Killed a Killer Klown
 74814 | Zot:5    | Reached skill level 23 in Unarmed Combat
 75505 | Vaults:5 | Entered Level 5 of the Vaults
 75585 | Vaults:5 | Noticed an ancient lich
 75590 | Vaults:5 | Killed an ancient lich
 75607 | Vaults:5 | Identified the amulet of Jounoak {Reflect *Slow rElec Dex+2
                  | SH+5}
 75631 | Vaults:5 | Identified the ring "Xukatokk" {rPois SInv}
 75695 | Vaults:5 | Reached XP level 25. HP: 128/140 MP: 32/32
 75715 | Vaults:5 | Noticed an ancient lich
 75719 | Vaults:5 | Killed an ancient lich
 75793 | Vaults:5 | Noticed a dread lich
 75802 | Vaults:5 | Killed a dread lich
 75825 | Vaults:5 | Identified the amulet of Puapn {Reflect rF- Will+++ Str-5
                  | Int+2 SH+5}
 75846 | Vaults:5 | Reached skill level 24 in Unarmed Combat
 75983 | Vaults:5 | Got the Papyrus of Smouldering Enchantment
 76061 | Vaults:5 | Identified the +4 steam dragon scales of the Blizzard {rN+
                  | Will+ Dex+3 SInv}
 76063 | Vaults:5 | Identified the +6 scimitar of the Iron City of Dis {pain,
                  | rElec Int+4 Dex+2 Stlth-}
 76354 | Vaults:5 | Got a silver rune of Zot
 77433 | Snake:2  | Bought the Parchment of Petrous Spooky Action for 1394 gold
                  | pieces
 77438 | Snake:2  | Learned a level 4 spell: Passage of Golubria
 77908 | Zot:5    | Noticed an ancient lich
 77910 | Zot:5    | Noticed a dread lich
 77911 | Zot:5    | Killed an ancient lich
 77917 | Zot:5    | Noticed a Killer Klown
 77919 | Zot:5    | Killed a dread lich
 77925 | Zot:5    | Noticed an orb of fire
 77946 | Zot:5    | Killed a Killer Klown
 78019 | Zot:5    | Killed an orb of fire
 78033 | Zot:5    | Noticed an ancient lich
 78035 | Zot:5    | Noticed a dread lich
 78038 | Zot:5    | Killed an ancient lich
 78040 | Zot:5    | Noticed a Killer Klown
 78042 | Zot:5    | Noticed an orb of fire
 78042 | Zot:5    | Killed a Killer Klown
 78043 | Zot:5    | Noticed an orb of fire
 78043 | Zot:5    | Killed an orb of fire
 78043 | Zot:5    | Killed a dread lich
 78043 | Zot:5    | Noticed an orb of fire
 78044 | Zot:5    | Noticed an orb of fire
 78044 | Zot:5    | Gained mutation: You occasionally lose the ability to drink
                  | potions when taking damage. [an orb of fire]
 78045 | Zot:5    | Noticed an orb of fire
 78045 | Zot:5    | Gained mutation: You are frail. (-10% HP) [an orb of fire]
 78046 | Zot:5    | Killed an orb of fire
 78046 | Zot:5    | Noticed a Killer Klown
 78047 | Zot:5    | Killed an orb of fire
 78047 | Zot:5    | Gained mutation: You are very frail. (-20% HP) [an orb of
                  | fire]
 78048 | Zot:5    | Killed an orb of fire
 78048 | Zot:5    | Gained mutation: Potions are less effective at restoring
                  | your health. [an orb of fire]
 78050 | Zot:5    | Gained mutation: Your health recovers twice as slowly from
                  | being drained. [an orb of fire]
 78051 | Zot:5    | Killed an orb of fire
 78054 | Zot:5    | Killed a Killer Klown
 78061 | Zot:5    | Noticed an orb of fire
 78062 | Zot:5    | Noticed an orb of fire
 78070 | Zot:5    | Killed an orb of fire
 78070 | Zot:5    | Killed an orb of fire
 78215 | Zot:5    | Got the Orb of Zot
 78252 | Zot:5    | Reached XP level 26. HP: 117/117 MP: 28/32
 78263 | Zot:5    | Reached skill level 25 in Unarmed Combat
 78594 | D:9      | Noticed Gafeu the pandemonium lord
 78771 | D:$      | Escaped with the Orb!

Illustrated notes

Levels and vault maps discovered:
D:1:      dpeg_arrival_rooms_b, layout_basic,
          dreamdust_ecumenical_altar_drowned_temple
D:2:      layout_basic, basic_altar
D:3:      gammafunk_wand_slinger, layout_loops_corners,
          ebering_ghost_rock_garden, uniq_grinder, uniq_robin, uniq_jessica
D:4:      layout_loops_ring, serial_library_hellmonk_small_corner
D:5:      kennysheep_kobold_camp, layout_cave_pools, grunt_qazlal_sundering,
          nicolae_wormholes, uniq_duvessa
D:6:      layout_loops_corners, minmay_temple_entry_wispy,
          minmay_misc_feat_pillars, uniq_jeremiah
D:7:      layout_loops_cross, uniq_menkaure
D:8:      layout_gridville, lemuel_coloured_pillars_altar, uniq_amaemon
D:9:      layout_basic, erik_lair_island, uniq_psyche, uniq_pikel
D:10:     erik_cavepeople, layout_long_grid, kennysheep_mini, david_orc_2
D:11:     layout_roguey
D:12:     layout_roguey
D:13:     layout_loops_ring, serial_shops, nicolae_book_shop_shelving,
          ebering_ghost_gozag, drop_trap, roderic_roman_lattice,
          kennysheep_orc_sif_temple
D:14:     minmay_glassy_protrusions, layout_gridville,
          hellmonk_vaults_order_and_chaos, infiniplex_staircase_pillars_3a,
          kennysheep_boxes, uniq_josephine
D:15:     grunt_enter_depths_giant_problem, layout_stronghold,
          ebering_ghost_inner_flame, serial_park_tiny_pond
Temple:   compressed_dpeg_triangle_lava_temple
Lair:1:   layout_regular_city, uniq_nergalle
Lair:2:   layout_regular_city
Lair:3:   onia_ninara_swampy_vault, layout_gridlike, minmay_shoals_entry_hut,
          minmay_snake_entry_guardpost_small, roderic_batcave,
          chequers_serial_rivers_room_b
Lair:4:   layout_loops_ring, minivault_23, nicolae_quartered_pool_medium,
          dreamdust_deal_with_the_devil
Lair:5:   minmay_lair_end_enchanted_forest, layout_concentric_octagons,
          nicolae_slime_entry_field_trip, disabler_island
Shoals:1: layout_shoals
Shoals:2: layout_shoals, uniq_polyphemus
Shoals:3: layout_shoals, serial_shops, shop, nicolae_shop_overcharged_wands
Shoals:4: shoals_end_grunt_ice, layout_shoals, serial_shops,
          nicolae_shop_industrial_runoff
Snake:1:  layout_misc_corridors, serial_shops, shop, nicolae_shop_clearance,
          grunt_megastairs_2, serial_bayou_shore_a, minmay_shop_grove,
          nicolae_triple_integral
Snake:2:  layout_onion_interference, nicolae_shop_i_like_big_books, uniq_aizul
Snake:3:  layout_grid_shapes
Snake:4:  grunt_snake_rune_spirals, layout_onion, lemuel_fruit_tree,
          uniq_donald, uniq_vashnia
Slime:1:  layout_caves, cheibrodos_slime_lost_civilization_7
Slime:2:  layout_caves, cheibrodos_slime_lost_civilization_4
Slime:3:  layout_caves, basic_altar, dissolution_awaits
Slime:4:  cheibrodos_slime_lost_civilization_1, layout_caves, uniq_dissolution
Slime:5:  slime_pit_nicolae_trefoil
Orc:1:    layout_diamond_mine, gammafunk_ghost_grave
Orc:2:    st_orc_rangers, layout_caves, basic_altar, serial_shops,
          nicolae_shop_pleasant_corner_grove
Elf:1:    nicolae_elf_arrival_aired_out, layout_gridlike, serial_corexii_hall,
          corexii_hall_statues_deadend, corexii_hall_statues_s, basic_altar,
          nicolae_elf_blasts_and_bolts, hangedman_glass_teeth, hex_tiny,
          uniq_jorgrun
Elf:2:    nicolae_elf_blades_crystal_corner, layout_onion_city, serial_shops,
          shop, basic_altar
Elf:3:    minmay_elf_hall_x, layout_gridlike, serial_library_hellmonk_open_cross
Vaults:1: nicolae_vaults_what_the_h, nicolae_vaults_yaktaur_gun_rack,
          hangedman_vaults_impose, nicolae_vaults_mitosis,
          nicolae_vaults_tetromino_L_1, hangedman_vaults_locks,
          ontoclasm_vaults_twist, nicolae_vaults_ninety_degrees, v_misc_8,
          ontoclasm_vaults_hangar, minmay_orc_keep,
          nicolae_vaults_little_squares_2, nicolae_vaults_storage_room_doors,
          v_misc_13, nicolae_vaults_diagonal_hallway_7, layout_vaults_ring
Vaults:2: hangedman_vaults_capsules, nicolae_vaults_shipping_containers_2,
          ontoclasm_vaults_bender, grunt_vaults_bifocal, vaults_dpeg_ring,
          nicolae_vaults_storage_closets_3, ontoclasm_vaults_ring_square,
          layout_vaults_omnigrid, serial_shops, nicolae_shop_trees, shop,
          shop_statue, nicolae_shop_rolling_square
Vaults:3: nicolae_vaults_shrinking_rooms_2, v_rooms_2,
          nicolae_vaults_trapezoid_1, nicolae_vaults_loss_of_containment,
          nicolae_vaults_sesquioval_fish, nicolae_vaults_gold_heap,
          nicolae_vaults_prndl, minmay_crypt_entry_simple_round,
          hangedman_vaults_river_flow, nicolae_vaults_three_branches,
          nicolae_vaults_little_squares_6, serial_library_hellmonk_open_square,
          nicolae_vaults_storage_closets_1, layout_vaults_big_room,
          serial_shops, nicolae_shop_just_a_little_nook, uniq_zenata
Vaults:4: serial_ice_m, v_misc_11, not_door_vault_mu, v_pattern_3, v_misc_10,
          v_rooms_4, nicolae_vaults_turnstiles,
          nicolae_vaults_doubleplus_tesselated,
          nicolae_vaults_security_offices_4, ontoclasm_vaults_gateway,
          nicolae_vaults_variable_pillar_hall_cross, layout_vaults_big_cross
Vaults:5: serial_shops
Crypt:1:  layout_rooms, basic_altar, grunt_crypt_arrival_webbed
Crypt:2:  layout_misc_corridors, tombwall_bobbens, grunt_megastairs_5,
          uniq_jory, uniq_frederick
Crypt:3:  lightli_unholy_cathedral, layout_chaotic_city,
          tomb_entry_shell_bobbens, gammafunk_ghost_abyssal_escape,
          chequers_big_river
Depths:1: layout_gridlike, hell_entry, serial_library_hellmonk_reading_circle,
          okawaru_gym_becter, serial_bayou_shore_b, uniq_asterion
Depths:2: minmay_diamond_stairs, layout_gridlike, enter_ziggurat_e,
          pf_hell_entry_great_geh, rand_demon_pan_entry_8, serial_shops, shop
Depths:3: minmay_connected_triangles_in_corner, layout_gridville, abyss_entry,
          kennysheep_decorative_pillar, hell_entry, kennysheep_doodads,
          st_stairs_6, nicolae_island_escapes,
          infiniplex_staircase_spiral_double, firewood_loft, uniq_mennas,
          uniq_enchantress
Depths:4: evilmike_zot_entry_diamond, layout_cave_pools,
          ebering_ghost_reflecting_pool, hell_entry,
          hangedman_abyss_entry_splay, chequers_serial_rivers_large_a
Zot:1:    layout_concentric_octagons, regret_index_zotdec_zees
Zot:2:    layout_cellular_growth, st_stairs_12, hangedman_zot_diagonal_lockstep
Zot:3:    layout_basic, regret_index_zotdec_glowing_original,
          st_small_dragon_hoard_2, regret_index_zotdec_twisting_globes
Zot:4:    layout_misc_corridors,
          regret_index_zotdec_abyssal_contain_seething_sorcery, uniq_vv
Zot:5:    layout_twisted_circle, kennysheep_underground_church

Skill      XL: |  1  2  3  4  5  6  7  8  9 10 11 12 13 14 15 16 17 18 19 20 21 22 23 24 25 26 |
---------------+-------------------------------------------------------------------------------+-----
Conjurations   | 1 2 |  2.2
Unarmed Combat | 1 2 5 7 9 12 16 17 18 19 20 21 22 23 24 25 | 25.1
Alchemy        | 3 4 5 7 9 11 12 13 | 13.3
Air Magic      | 1 2 3 |  3.3
Fighting       | 2 3 5 6 7 9 10 11 12 13 15 16 17 | 17.8
Dodging        | 4 8 9 10 12 13 14 15 16 17 19 20 21 22 | 22.4
Stealth        | 3 4 7 10 12 13 | 13.3
Fire Magic     | 3 4 |  4.4
Spellcasting   | 3 4 5 |  5.5
Shapeshifting  | 7 11 12 13 15 19 20 21 22 23 | 23.3
Evocations     | 3 5 |  5.5
Translocations | 2 5 7 |  7.7

Action                     |  1- 3 |  4- 6 |  7- 9 | 10-12 | 13-15 | 16-18 | 19-21 | 22-24 | 25-27 || total
---------------------------+-------+-------+-------+-------+-------+-------+-------+-------+-------++-------
  Melee: Unarmed           |    29 |    28 |    81 |   116 |   492 |   583 |  1082 |  1539 |   337 ||  4287
         Bite              |     2 |     1 |    19 |    18 |    77 |    93 |   189 |   302 |    27 ||   728
         Punch             |     1 |     1 |     2 |     4 |    61 |    84 |   194 |   328 |    74 ||   749
         Maw               |       |       |       |       |       |    85 |       |       |       ||    85
   Cast: Sting             |    79 |    38 |   138 |   117 |    54 |    15 |     1 |       |       ||   442
         Mercury Vapours   |     8 |    18 |    17 |     2 |       |       |       |       |       ||    45
         Mephitic Cloud    |       |     6 |    35 |    44 |    82 |   114 |    60 |    14 |       ||   355
         Olgreb's Toxic Ra |       |       |    40 |    65 |   183 |   199 |    99 |    49 |       ||   635
         Ignite Poison     |       |       |       |    48 |   140 |    88 |    40 |    18 |       ||   334
         Sticky Flame      |       |       |       |       |     6 |       |     1 |     1 |       ||     8
         Apportation       |       |       |       |       |       |     1 |     2 |     7 |     1 ||    11
         Lesser Beckoning  |       |       |       |       |       |     3 |     1 |     9 |       ||    13
         Vhi's Electric Ch |       |       |       |       |       |       |     1 |     4 |    11 ||    16
         Blink             |       |       |       |       |       |       |     1 |     1 |       ||     2
         Cigotuvi's Dreadf |       |       |       |       |       |       |     5 |       |       ||     5
         Passage of Golubr |       |       |       |       |       |       |       |       |     6 ||     6
 Invoke: Serpent's Lash    |       |       |       |     2 |    11 |    33 |    27 |    33 |     5 ||   111
         Heavenly Storm    |       |       |       |       |       |     1 |     1 |     2 |     2 ||     6
Ability: Lunge             |       |       |     3 |    13 |    72 |    99 |   152 |   180 |    32 ||   551
         Whirlwind         |       |       |       |    15 |    33 |    94 |   146 |   326 |   147 ||   761
         Wall Jump         |       |       |       |       |     9 |    14 |    29 |    29 |     4 ||    85
         Begin Untransform |       |       |       |       |       |       |       |     1 |       ||     1
         Blinkbolt         |       |       |       |       |       |       |       |       |     4 ||     4
  Evoke: Wand              |       |       |    33 |    15 |    13 |     5 |     9 |    10 |    11 ||    96
         Phial of floods   |       |       |       |       |       |     3 |       |       |       ||     3
         Phantom mirror    |       |       |       |       |       |     1 |     1 |     3 |       ||     5
         Box of beasts     |       |       |       |       |       |     1 |     1 |     2 |       ||     4
         Condenser vane    |       |       |       |       |       |       |     1 |       |       ||     1
         Lightning rod     |       |       |       |       |       |       |       |     2 |       ||     2
    Use: Potion            |     1 |     4 |     5 |     1 |     9 |    11 |    12 |     8 |     8 ||    59
         Scroll            |     3 |     4 |     4 |     5 |    12 |    18 |    15 |    22 |     4 ||    87
   Stab: Confused          |       |     2 |     2 |     9 |    17 |    47 |    32 |     7 |       ||   116
         Invisible         |       |     1 |       |       |       |       |       |    13 |       ||    14
         Sleeping          |       |       |       |     4 |     7 |    14 |    43 |    49 |       ||   117
         Distracted        |       |       |       |       |     4 |     4 |     7 |    10 |     2 ||    27
         Fleeing           |       |       |       |       |       |       |     1 |       |       ||     1
 Armour: Skin              |    22 |    22 |    45 |    36 |   138 |   123 |   179 |   183 |    22 ||   770
  Dodge: Dodged            |    45 |    23 |   113 |   140 |   421 |   329 |   553 |   729 |   151 ||  2504
  Block: Other             |       |       |       |       |       |     5 |    78 |    65 |       ||   148
         Reflection        |       |       |       |       |       |     2 |     9 |     1 |       ||    12
   Form: Blade             |       |       |       |       |       |     2 |       |     2 |       ||     4
         Maw               |       |       |       |       |       |     1 |       |       |       ||     1
         Death             |       |       |       |       |       |       |     1 |     3 |       ||     4
         Storm             |       |       |       |       |       |       |       |       |     1 ||     1
